 Dungeon Crawl Stone Soup version 0.27-a0-1325-g58a489ad9e (webtiles) character file.

Game seed: 8575296102195731092

132 dinky3 the Sneak (level 4, -2/21 HPs)
             Began as a Spriggan Venom Mage on June 25, 2021.
             Was a Believer of Ashenzari.
             Slain by a killer bee (7 damage)
             ... on level 7 of the Dungeon.
             The game lasted 00:08:06 (1072 turns).

dinky3 the Sneak (Spriggan Venom Mage)              Turns: 1072, Time: 00:08:07

Health: -2/21      AC:  2    Str:  4    XL:     4   Next: 92%
Magic:  3/12       EV: 18    Int: 17    God:    Ashenzari [**....]
Gold:   2          SH:  0    Dex: 15    Spells: 10/13 levels left

rFire    + . .     SeeInvis +   f - staff of poison
rCold    . . .     Faith    .   (shield currently unavailable)
rNeg     . . .     Spirit   .   a - +0 robe "Eternal Together" {Alch, Bglg} (curse)
rPois    +         Reflect  .   l - +0 hat "Unveiling Gnosis" {SInv, Alch, Elem} (curse)
rElec    .         Harm     .   (no cloak)
rCorr    .         Rampage  .   (gloves unavailable)
Will     .....                  (boots unavailable)
Stlth    +++.......             (no amulet)
HPRegen  0.07/turn              k - ring "Chained Jealousy" {rF+, Cun, Self} (curse)
MPRegen  0.13/turn              i - ring of flight

@: flying, very quick
A: very small, no large weapons, unfitting armour, see invisible, speed 3
a: Renounce Religion, Shatter the Chains


You were on level 7 of the Dungeon.
You worshipped Ashenzari.
Ashenzari was pleased with you.
You visited 1 branch of the dungeon, and saw 7 of its levels.

You collected 170 gold pieces.
You spent 168 gold pieces at shops.

Inventory:

Hand Weapons
 c - a +0 dagger
 e - the +6 trident of Xitzolur {vamp, Str+4}
   (You found it on level 4 of the Dungeon)

   It inflicts no extra harm, but heals its wielder when it wounds a living foe.
   It affects your strength (+4).
 n - a +2 war axe of electrocution
Missiles
 d - 11 poisoned darts
Armour
 a - the cursed +0 robe "Eternal Together" (worn) {Alch, Bglg}

   It has a curse which improves the following skills: Alchemy: Poison Magic and
   Transmutations.
   Beguiling: Conjurations, Hexes and Translocations.
 l - the cursed +0 hat "Unveiling Gnosis" (worn) {SInv, Alch, Elem}
   (You bought it in a shop on level 4 of the Dungeon)

   It has a curse which improves the following skills: Alchemy: Poison Magic and
   Transmutations.
   Elements:  Fire Magic, Ice Magic, Air Magic and Earth Magic.
Magical Staves
 f - a staff of poison (weapon)
Jewellery
 i - a ring of flight (right hand)
 k - the cursed ring "Chained Jealousy" (left hand) {rF+, Cun, Self}
   (You found it on level 5 of the Dungeon)

   [ring of protection from fire]

   It protects you from fire.
   It has a curse which improves the following skills: Cunning: Dodging and
   Stealth.
   Introspection: Fighting and Spellcasting.
Scrolls
 b - a scroll of summoning
 h - a scroll of fog
 j - a scroll of teleportation
 m - a scroll of amnesia
Potions
 g - a potion of curing


   Skills:
 - Level 2.6(3.9) Dodging
 + Level 4.7(6.1) Stealth
 + Level 3.8(5.2) Spellcasting
 - Level 1.5(3.1) Transmutations
 * Level 4.5(6.7) Poison Magic


You had 10 spell levels left.
You knew the following spells:

 Your Spells              Type           Power      Damage    Failure   Level
a - Sting                 Tmut/Pois      100%       1d8       1%          1
b - Poisonous Vapours     Pois/Air       48%        N/A       5%          2

Your spell library contained the following spells:

 Spells                   Type           Power      Damage    Failure   Level
 Beastly Appendage        Tmut           30%        N/A       3%          1
 Spider Form              Tmut/Pois      15%        N/A       5%          3
 Wereblood                Tmut           15%        N/A       6%          2
 Olgreb's Toxic Radiance  Pois           40%        N/A       9%          4
 Ignite Poison            Fire/Tmut/Pois 23%        N/A       11%         3
 Corona                   Hex            5%         N/A       13%         1
 Magic Dart               Conj           20%        1d4       13%         1
 Mephitic Cloud           Conj/Pois/Air  18%        N/A       16%         3
 Blink                    Tloc           N/A        N/A       21%         2
 Ensorcelled Hibernation  Hex/Ice        10%        N/A       21%         2
 Slow                     Hex            5%         N/A       21%         2
 Call Imp                 Summ           4%         N/A       22%         2
 Confusing Touch          Hex            5%         N/A       36%         3
 Conjure Flame            Conj/Fire      5%         6-21      36%         3
 Dazzling Flash           Conj/Hex       10%        N/A       36%         3
 Tukima's Dance           Hex            5%         N/A       36%         3
 Ice Form                 Ice/Tmut       10%        N/A       56%         4


Dungeon Overview and Level Annotations

Branches:
Dungeon (7/15)
 Temple: D:4-7

Altars:
Ashenzari

Shops:
D:4 [

Annotations:
D:6 Blork the orc


Innate Abilities, Weirdness & Mutations

You are very small and have problems with some larger weapons.
You are too small for most types of armour.
You have supernaturally acute eyesight. (SInv)
You cover ground extremely quickly. (Speed+++)


Message History

Casting: Poisonous Vapours (safe; 5% risk of failure)
Confirm with . or Enter, or press ? or * to list all spells.
Aiming: Sting (safe; 1% risk of failure)
Press: ? - help, Shift-Dir - straight line, f/p - bullfrog
Aim: a bullfrog (poisoned, 72% to hit)
You feel a surge of power!
The sting hits the bullfrog.
The bullfrog looks even sicker.
The bullfrog is moderately wounded.
The bullfrog misses you.
There is a stone staircase leading up here.
Found 13 gold pieces.
A killer bee comes into view.
The killer bee buzzes angrily.
Casting: Sting (safe; 1% risk of failure)
Confirm with . or Enter, or press ? or * to list all spells.
Aiming: Poisonous Vapours (safe; 5% risk of failure)
Press: ? - help, Dir - move target, f - killer bee, p - bullfrog
Aim: a killer bee You feel a surge of power!
Poisonous vapours surround the killer bee!
The killer bee is poisoned.
The killer bee stings you.
* * * LOW HITPOINT WARNING * * *
The bullfrog hits you.
* * * LOW HITPOINT WARNING * * *
Unknown command.
A killer bee comes into view.
The killer bee looks more healthy.
There is a stone staircase leading up here.
The killer bee barely misses you.
The bullfrog looks more healthy.
The killer bee barely misses you. The killer bee barely misses you.
Found 11 gold pieces.
Found a stone staircase leading up.
Found a scroll of teleportation.
The killer bee barely misses you.
A howler monkey zombie comes into view.
The killer bee stings you!
You die...

, , ...
###..........*
....
#.#.........##
....##............
* ,
........F.........
.<.....#.........#
*
#...##$#..........
.#..#.#..........
, ,
#....y........#. ,
, ,
#....@.#..#...# ,
, ##....##...... ,
,##.... ..?##. , ,
,$.....##..#** ,
........ ...
*,Z.......... ..#*
* ..........., *
.##.###..##. , * ,
, * *


You could see a bullfrog, a killer bee and a howler monkey zombie (dormant).

Vanquished Creatures
  An ogre (D:4)
  An adder (D:5)
  An ufetubus (D:6)
  A dart slug (D:4)
  An orc (D:5)
  2 endoplasms
  A giant cockroach (D:2)
  3 goblins
  2 hobgoblins
  6 jackals
  4 quokkas
  6 ball pythons
  A bat (D:1)
30 creatures vanquished.

Vanquished Creatures (others)
  3 withered plants (D:1)
3 creatures vanquished.

Grand Total: 33 creatures vanquished

Notes
Turn   | Place    | Note
-------+----------+-------------------------------------------
     0 | D:1      | dinky3 the Spriggan Venom Mage began the quest for the Orb.
     0 | D:1      | Reached XP level 1. HP: 9/9 MP: 5/5
   102 | D:1      | Found a faded altar of an unknown god.
   107 | D:1      | Became a worshipper of Ashenzari the Shackled
   198 | D:1      | Reached XP level 2. HP: 9/13 MP: 1/6
   451 | D:2      | Learned a level 2 spell: Poisonous Vapours
   585 | D:4      | Identified the +6 trident of Xitzolur {vamp, Str+4}
   597 | D:4      | Reached XP level 3. HP: 12/16 MP: 1/8
   631 | D:4      | Found Xaiviokh's Antique Armour Boutique.
   651 | D:4      | Noticed an ogre
   727 | D:4      | Killed an ogre
   728 | D:4      | Reached XP level 4. HP: 21/21 MP: 0/10
   775 | D:4      | Noticed a black bear
   796 | D:5      | Entered Level 5 of the Dungeon
   822 | D:5      | Noticed an ogre
   879 | D:5      | Noticed a scorpion
   882 | D:5      | Noticed an ogre
   915 | D:4      | Bought a runed hat for 168 gold pieces
   931 | D:5      | Noticed an ogre
   941 | D:5      | Noticed an ogre
   958 | D:6      | Reached * piety under Ashenzari
  1012 | D:6      | Noticed Blork the orc
  1032 | D:7      | Noticed a bullfrog
  1034 | D:7      | Reached ** piety under Ashenzari
  1072 | D:7      | Slain by a killer bee

Illustrated notes

Levels and vault maps discovered:
D:1:      erik_arrival_cave_to_civilisation [erik_arrival_cave_to_hall],
          layout_loops_ring, ebering_ecumenical_altar_petrified, minmay_3d_cube
D:2:      layout_rooms, minmay_pentomino_u4
D:3:      layout_loops_corners, fedhas_altar_2, uniq_natasha, uniq_ijyb
D:4:      layout_cave_pools, tgw_xom, serial_shops, shop
D:5:      layout_rooms
D:6:      layout_cave_pods, uniq_blork_the_orc
D:7:      layout_cave_pools, vehumet_altar_wand_db, grunt_temple_overflow_open,
          temple_doors_e, lightli_ossuary_entry_decrepit_ruins,
          gammafunk_ghost_necromancy, small_statue_intersection, worms_lemuel

Skill      XL: |  1  2  3 |
---------------+----------+-----
Spellcasting   | 3 |  3.8
Stealth        | 4 |  4.7
Poison Magic   | 4 |  4.5
Dodging        | |  2.6
Transmutations | |  1.5

Action                   |  1- 3 |  4- 6 || total
-------------------------+-------+-------++-------
Melee: Dagger            |    12 |     1 ||    13
       Staff             |       |     6 ||     6
 Cast: Sting             |    36 |     9 ||    45
       Poisonous Vapours |     5 |     5 ||    10
Invok: Curse Item        |     1 |     2 ||     3
 Stab: Sleeping          |     4 |     1 ||     5
Armor: Robe              |     7 |     1 ||     8
Dodge: Dodged            |    40 |    23 ||    63

Table legend: (Time is in decaauts)
 A = Elapsed time spent in this place.
 B = Non-inter-level travel time spent in this place.
 C = Inter-level travel time spent in this place.
 D = Time resting spent in this place.
 E = Time spent auto-exploring this place.
 F = Levels seen in this place.
 G = Mean time per level.
                   A        B        C        D        E       F      G
               +--------+--------+--------+--------+--------+-----+--------+
         Total |    700 |    700 |      0 |      0 |      0 |   7 |  100.0 |
       Dungeon |    700 |    700 |      0 |      0 |      0 |   7 |  100.0 |
               +--------+--------+--------+--------+--------+-----+--------+

Top non-repeatable levels by time:
     D:1: 270 daAuts
     D:4: 165 daAuts
     D:3: 74 daAuts
     D:5: 73 daAuts
     D:6: 60 daAuts
     D:2: 28 daAuts
     D:7: 26 daAuts
